 Dungeon Crawl Stone Soup version 0.30-a0-272-gf98c3da03f (webtiles) character file.

Game seed: 16041618990327243533

1 guydamian the Ducker (level 1, -1/18 HPs)
             Began as a Human Monk on Oct 15, 2022.
             Slain by a kobold
             ... wielding a +0 whip
              (2 damage)
             ... on level 1 of the Dungeon.
             The game lasted 00:00:38 (62 turns).

guydamian the Ducker (Human Monk)                     Turns: 62, Time: 00:00:38

Health: -1/18      AC:  2    Str: 11    XL:     1   Next: 22%
Magic:  1/1        EV: 13    Int: 10    God:
Gold:   0          SH:  0    Dex: 15    Spells: 0/0 levels left

rFire   . . .      SeeInvis .    a - +0 mace
rCold   . . .      Faith    .    (no shield)
rNeg    . . .      Spirit   .    b - +0 robe
rPois   .          Reflect  .    (no helmet)
rElec   .          Harm     .    (no cloak)
rCorr   .          Rampage  .    (no gloves)
Will    .....                    (no boots)
Stlth   ++........               (no amulet)
HPRegen 0.23/turn                (no ring)
MPRegen 0.07/turn                (no ring)

@: no status effects
A: no striking features
a: no special abilities


You were on level 1 of the Dungeon.
You visited 1 branch of the dungeon, and saw 1 of its levels.

Inventory:

Hand Weapons
 a - a +0 mace (weapon)
Armour
 b - a +0 robe (worn)
Potions
 c - a potion of ambrosia
 d - a potion of degeneration {unknown}


   Skills:
 + Level 3.0 Fighting
 + Level 3.0 Maces & Flails
 + Level 3.0 Dodging
 + Level 2.0 Stealth


You couldn't memorise any spells.
You didn't know any spells.
Your spell library was empty.

Dungeon Overview and Level Annotations

Branches:
Dungeon (1/15)

Altars:


Message History

Welcome, guydamian the Human Monk.
Everyone else who sought the Orb of Zot has failed.
Will you be different?
Press ? for a list of commands and other information.
Found a glowing clear potion.
Found a staircase leading out of the dungeon.
d - a glowing clear potion You open the door.
A hobgoblin comes into view.
A kobold comes into view. It is wielding a +0 whip.
There is an open door here.
Found a scroll labelled OFOROLA CUBREW.
The hobgoblin shouts!
The kobold throws a stone.
The stone hits you but does no damage.
An endoplasm comes into view.
A giant cockroach comes into view.
You barely miss the hobgoblin.
The endoplasm quivers.
The hobgoblin closely misses you.
You closely miss the hobgoblin. The kobold closely misses you.
The hobgoblin barely misses you.
You hit the hobgoblin but do no damage. The kobold closely misses you.
The hobgoblin closely misses you.
You hit the hobgoblin.
You kill the hobgoblin!
The kobold hits you with a +0 whip. The endoplasm barely misses you.
The endoplasm hits you but does no damage.
The kobold hits you with a +0 whip. The giant cockroach closely misses you.
The kobold hits you with a +0 whip.
You hit the kobold but do no damage. The giant cockroach barely misses you.
The kobold hits you with a +0 whip.
* * * LOW HITPOINT WARNING * * *
The endoplasm closely misses you. The giant cockroach barely misses you.
You closely miss the kobold. The giant cockroach closely misses you.
The kobold barely misses you. The endoplasm freezes you.
You are frozen.
* * * LOW HITPOINT WARNING * * *
The kobold hits you with a +0 whip.
You die...

#####..##.#
#......... #........
#.......# #?......#
#.......# #....K..#
#..@BJ.# .........#.#
......####'###+###+##
...... #...#...#...#
..... #...#~.~#..≈#
..... #...#~.~#.≈≈#
.... #...#~.≈#§≈≈#
.... #...#~.~#≈≈.#
#...#~.~#≈..#


You could see an endoplasm, a giant cockroach and a kobold.

Vanquished Creatures
  A hobgoblin (D:1)
1 creature vanquished.

Notes
Turn   | Place    | Note
-------+----------+-------------------------------------------
     0 | D:1      | guydamian the Human Monk began the quest for the Orb.
     0 | D:1      | Reached XP level 1. HP: 18/18 MP: 1/1
    62 | D:1      | Slain by a kobold

Illustrated notes

Levels and vault maps discovered:
D:1:      lightli_arrival_quake, layout_basic, shapermc_ecumenical_altar_petra,
          serial_bayou_pond_d, corexii_item_surrounded_by_moat,
          minmay_tree_intersection

Action                   || total
-------------------------++-------
Melee: Mace              ||     6
Armor: Robe              ||     2
Dodge: Dodged            ||    12

Table legend: (Time is in decaauts)
 A = Elapsed time spent in this place.
 B = Non-inter-level travel time spent in this place.
 C = Inter-level travel time spent in this place.
 D = Time resting spent in this place.
 E = Time spent auto-exploring this place.
 F = Levels seen in this place.
 G = Mean time per level.
                   A        B        C        D        E       F      G
               +--------+--------+--------+--------+--------+-----+--------+
         Total |     63 |     63 |      0 |      0 |      0 |   1 |   63.0 |
       Dungeon |     63 |     63 |      0 |      0 |      0 |   1 |   63.0 |
               +--------+--------+--------+--------+--------+-----+--------+

Top non-repeatable levels by time:
     D:1: 63 daAuts
